 Dungeon Crawl Stone Soup version 0.30.0-29-ga12c61a403 (webtiles) character file.

Game seed: 14957381733475938612

221724 Nicoed the Axe Maniac (level 18, -72/174 HPs)
             Began as a Minotaur Fighter on June 20, 2023.
             Was a High Priest of Okawaru.
             Killed from afar by a frost giant (104 damage)
             ... with a bolt of cold
             ... on level 2 of the Depths.
             The game lasted 00:53:56 (26240 turns).

Nicoed the Axe Maniac (Minotaur Fighter)           Turns: 26240, Time: 00:53:56

Health: -72/174    AC: 39    Str: 32    XL:     18   Next: 89%
Magic:  24/24      EV:  9    Int:  7    God:    Okawaru [*****.]
Gold:   988        SH:  0    Dex:  8    Spells: 17/17 levels left

rFire   + . .        S - +8 battleaxe of Lies {venom, rPois Int+2 SInv}
rCold   x . .        (shield currently unavailable)
rNeg    + . .        U - +6 plate armour of Gluttony {rF+ rC- rN+ Stlth+}
rPois   +            F - +1 hat of the Republic {rElec rPois Slay+2}
rElec   +            j - +0 cloak
rCorr   .            f - +2 pair of gloves of the Earth {rElec Str+6 Dex-5}
SInv    +            R - +2 pair of boots {Stlth+}
Will    +....        d - amulet "Asaexoucoi" {Faith Harm rElec rC- Regen+} Stlth
                     y - +4 ring of protection
HPRegen 1.29/turn    K - ring of protection from cold
MPRegen 0.19/turn

%: harm (+30% outgoing, +20% incoming), faith
@: studying Dodging
A: horns 2, retaliatory headbutt
a: Renounce Religion, Heroism, Finesse, Duel


You were on level 2 of the Depths.
You worshipped Okawaru.
Okawaru was extremely pleased with you.
You visited 5 branches of the dungeon, and saw 27 of its levels.
You also visited: Ice Cave and Volcano.

You collected 2875 gold pieces.
You spent 1887 gold pieces at shops.

Inventory:

Hand Weapons
 o - the +3 hand axe "Newtbane" {flame, Int+3 Dex-4 SInv}
   (You found it on level 2 of the Depths)

   Int:       It affects your intelligence (+3).
   Dex:       It affects your dexterity (-4).
   SInv:      It lets you see invisible.
 S - the +8 battleaxe of Lies (weapon) {venom, rPois Int+2 SInv}
   (Okawaru gifted it to you on level 3 of the Lair of Beasts)

   Int:       It affects your intelligence (+2).
   rPois:     It protects you from poison.
   SInv:      It lets you see invisible.
 X - the +6 broad axe of the Shining Light {heavy, +Blink rC- rN+++ Int-4}
   (Okawaru gifted it to you on level 5 of the Lair of Beasts)

   Int:       It affects your intelligence (-4).
   rC:        It makes you vulnerable to cold.
   rN:        It renders you almost immune to negative energy.
   +Blink:    It lets you blink.
Armour
 c - the +2 pair of gloves of Quiescent Intercession {Will+ Int+3 Stlth+}
   (You found it on level 1 of the Depths)

   Int:       It affects your intelligence (+3).
   Will:      It increases your willpower.
   Stlth:     It makes you more stealthy.
 f - the +2 pair of gloves of the Earth (worn) {rElec Str+6 Dex-5}
   (Okawaru gifted it to you on level 15 of the Dungeon)

   Str:       It affects your strength (+6).
   Dex:       It affects your dexterity (-5).
   rElec:     It insulates you from electricity.
 j - a +0 cloak (worn)
 u - a +0 kite shield of cold resistance
 w - the quicksilver dragon scales of the Invisible Things {+Blink Will+ Regen+}
   (Okawaru gifted it to you on level 1 of the Depths)

   +Blink:    It lets you blink.
   Regen:     It increases your rate of health regeneration.
   Will:      It increases your willpower.
 F - the +1 hat of the Republic (worn) {rElec rPois Slay+2}
   (Okawaru gifted it to you on level 5 of the Lair of Beasts)

   Slay:      It affects your accuracy & damage with ranged weapons and melee
   (+2).
   rElec:     It insulates you from electricity.
   rPois:     It protects you from poison.
 R - a +2 pair of boots of stealth (worn)
 U - the +6 plate armour of Gluttony (worn) {rF+ rC- rN+ Stlth+}
   (You bought it in a shop on level 2 of the Orcish Mines)

   rF:        It protects you from fire.
   rC:        It makes you vulnerable to cold.
   rN:        It protects you from negative energy.
   Stlth:     It makes you more stealthy.
Jewellery
 a - a ring of see invisible
 d - the amulet "Asaexoucoi" (around neck) {Faith Harm rElec rC- Regen+}
   (You bought it in a shop on level 13 of the Dungeon)

   [amulet of faith]

   It allows you to gain divine favour quickly.
   rC:        It makes you vulnerable to cold.
   rElec:     It insulates you from electricity.
   Regen:     It increases your rate of health regeneration.
   Harm:      It increases damage dealt and taken.
 y - a +4 ring of protection (left hand)
 K - a ring of protection from cold (right hand)
Wands
 s - a wand of light (4)
 t - a wand of digging (2)
 L - a wand of iceblast (21)
Scrolls
 e - 4 scrolls of butterflies
 g - a scroll of silence
 h - a scroll of fear
 i - 2 scrolls of magic mapping
 q - 7 scrolls of poison
 r - 4 scrolls of fog
 v - a scroll of amnesia
 C - a scroll of blinking
 G - 3 scrolls of teleportation
 I - a scroll of enchant armour
 J - 2 scrolls of enchant weapon
 O - 4 scrolls of vulnerability
Potions
 b - 4 potions of cancellation
 k - 6 potions of attraction
 l - 7 potions of mutation
 m - 2 potions of heal wounds
 n - 13 potions of curing
 x - 5 potions of flight
 z - a potion of haste
 D - 5 potions of brilliance
 H - 3 potions of degeneration
 P - a potion of might
 Z - 2 potions of resistance
Miscellaneous
 A - a phial of floods


   Skills:
 + Level 18.9 Fighting
 O Level 27 Axes
 + Level 18.9 Armour
 - Level 4.0 Shields
 - Level 9.4 Invocations


You had 17 spell levels left.
You didn't know any spells.
Your spell library contained the following spells:

 Spells                   Type           Power      Damage    Failure   Level
 Freeze                   Ice            0%         1d3       88%         1
 Sting                    Tmut/Pois      0%         1d3       88%         1
 Blink                    Tloc           0%         N/A       95%         2
 Ensorcelled Hibernation  Hex/Ice        0%         N/A       95%         2
 Lesser Beckoning         Tloc           0%         N/A       95%         2
 Momentum Strike          Conj/Tloc      0%         3d8       95%         2
 Poisonous Vapours        Pois/Air       0%         N/A       95%         2
 Static Discharge         Conj/Air       0%         2-2/arc   95%         2
 Frozen Ramparts          Ice            0%         1d1       99%         3
 Hailstorm                Conj/Ice       0%         3d3       99%         3
 Ozocubu's Armour         Ice            0%         N/A       99%         3
 Spider Form              Tmut/Pois      0%         N/A       99%         3
 Stone Arrow              Conj/Erth      0%         3d7       99%         3
 Airstrike                Air            0%         2d(0-16)  100%        4
 Anguish                  Hex/Necr       0%         N/A       100%        4
 Cause Fear               Hex            0%         N/A       100%        4
 Olgreb's Toxic Radiance  Pois           0%         N/A       100%        4
 Fireball                 Conj/Fire      0%         3d3       100%        5
 Iskenderun's Battlesphe  Conj           0%         2d6       100%        5
 Conjure Ball Lightning   Conj/Air       0%         3x3d6     100%        6
 Eringya's Noxious Bog    Tmut/Pois      0%         N/A       100%        6
 Enfeeble                 Hex            0%         N/A       100%        7
 Orb of Destruction       Conj           0%         9d5       100%        7
 Ozocubu's Refrigeration  Ice            0%         4d7       100%        7
 Lehudib's Crystal Spear  Conj/Erth      0%         10d2      100%        8
 Polar Vortex             Ice            0%         N/A       100%        9
 Summon Guardian Golem    Hex/Summ       Unusable   N/A       N/A         3
 Animate Armour           Summ/Erth      Unusable   N/A       N/A         4
 Summon Lightning Spire   Summ/Air       Unusable   N/A       N/A         4
 Summon Forest            Summ/Tloc      Unusable   N/A       N/A         5
 Simulacrum               Ice/Necr       Unusable   N/A       N/A         6
 Malign Gateway           Summ/Tloc      Unusable   N/A       N/A         7
 Spellforged Servitor     Conj/Summ      Unusable   N/A       N/A         7
 Summon Hydra             Summ           Unusable   N/A       N/A         7
 Summon Horrible Things   Summ           Unusable   N/A       N/A         8

Dungeon Overview and Level Annotations

Branches:
Dungeon (15/15)            Temple (1/1) D:5            Lair (5/5) D:9
 Shoals (0/4) Lair:3        Snake (0/4) Lair:2        Slime (0/5) Lair:5
    Orc (2/2) D:9             Elf (0/3) Orc:2        Vaults (0/5) D:14
 Depths (4/4) D:15          IceCv (visited)         Volcano (visited)
    Zot: Depths:4

Altars:
Ashenzari
Cheibriados
Dithmenos
Elyvilon
Fedhas
Gozag
Hepliaklqana
Kikubaaqudgha
Makhleb
Nemelex Xobeh
Okawaru
Qazlal
Ru
Sif Muna
Trog
Uskayaw
Vehumet
Wu Jian
Xom
Yredelemnul
Zin
The Shining One
Jiyva

Shops:
D:4 :   D:8 ?   D:13 *   D:14 ?   D:15 *   Orc:1 [*   Orc:2 [!=:

Portals:
Hell: Depths:1
Abyss: Depths:1
Ziggurat: Depths:2


Innate Abilities, Weirdness & Mutations

You have a pair of horns on your head.
You reflexively headbutt those who attack you in melee.


Message History

You slash the stone giant! You headbutt the stone giant!!
The stone giant is heavily wounded.
You slash the stone giant!
The stone giant is severely wounded.
The stone giant hits you but does no damage.
Unknown command.
You slice the stone giant!!
The stone giant looks as sick as possible!
You headbutt the stone giant.
The stone giant is almost dead.
You kill the stone giant!
Okawaru accepts your kill.
Unknown command.
A frost giant comes into view.
It is wielding a +1 battleaxe of freezing.
The frost giant points at you and mumbles some strange words.
The bolt of cold hits you!!!
You feel a terrible chill!
* * * LOW HITPOINT WARNING * * *
You hear a deafening roar!
A frost giant is nearby!
A frost giant is nearby!
A frost giant is nearby!
Unknown command.
You are too injured to fight recklessly!
Unknown command.
You hear a loud rustle. x2
The frost giant casts a spell at you. The bolt of cold hits you!!
You feel a terrible chill!
* * * LOW HITPOINT WARNING * * *
Unknown command.
You hit the frost giant.
The frost giant is poisoned.
You headbutt the frost giant, but do no damage.
The frost giant is lightly wounded.
Unknown command.
Unknown command.
You barely miss the frost giant.
The frost giant is lightly wounded.
The frost giant gestures at you while chanting.
The bolt of cold hits you!!!!
You feel a terrible chill!
Ouch! That really hurt!
You die...

..#.#♣♣.♣♣ ### ##'## ### #♣)..♣#
#(#.#♣...♣#♣♣.♣♣#!÷.# ♣.♣ #.....#
#)#.#.~~~.♣♣^..♣♣.[.♣♣♣.♣♣♣.....#
.)....~~~.))....'<8>÷..♣....P~P..
..#.#.~~~.♣♣...♣♣...♣♣♣.♣♣♣..PP.#
..#.#♣...♣#♣♣.♣♣#...# ♣.♣ #.....#
..#.#♣♣.♣♣ #### ##†## ### #♣...♣#
..#.#♣...♣ ♣...♣♣.(.♣ ♣♣.♣♣#
.##.#♣♣.♣♣ ♣C@♣♣♣..♣ ♣.♣ # . #.#
... ♣..♣ ..♣ ♣.♣ # . #.# ♣ ♣..♣
.♣ ♣.♣ # .♣♣. ♣. ### # ## # ## #


You could see a frost giant (very poisoned).

Vanquished Creatures
  2 juggernauts (Depths:2)
  Bai Suzhen (Arena)
  The ghost of Qealoh the Black Belt, an adept MeMo of Cheibriados (Depths:1)
  A tentacled monstrosity (Depths:2)
  2 liches
  3 acid blobs (Depths:1)
  Kirke (D:15)
  2 rockslimes (Depths:1)
  4 fire giants
  2 frost giants
  An orc warlord (Orc:2)
  Louise (Depths:1)
  A spriggan defender (Depths:2)
  An ironbound preserver (D:14)
  8 stone giants
  2 quicksilver oozes (Depths:1)
  10 very ugly things
  Azrael (Orc:2)
  A vampire knight (Depths:1)
  The ghost of MrAu the Cleaver, a journeyman HuFi of Makhleb (Orc:2)
  7 spark wasps
  9 ettins
  10 fire dragons
  A great orb of eyes (D:15)
  3 hydras
  Erolcha (Orc:2)
  4 rakshasas
  A spriggan air mage (Depths:2)
  An ogre mage (D:15)
  7 ice dragons
  7 catoblepae
  5 boulder beetles
  4 centaur warriors
  5 two-headed ogres
  A dancing weapon (Orc:2)
  The ghost of fedoskokos the Grappler, a novice MiMo of Yredelemnul (D:9)
  3 deep troll shamans
  2 vampire magi
  11 death yaks
  A spriggan berserker (Depths:2)
  12 tengu warriors
  4 hell knights (Depths:1)
  Nergalle (Orc:2)
  A skyshark (Lair:5)
  2 iron trolls (Depths:1)
  3 glowing orange brains (Depths:1)
  3 salamander mystics
  2 flayed ghosts
  A deep troll (Depths:1)
  A deep troll (shapeshifter) (Depths:1)
  3 wizards
  3 harpies (Lair:3)
  A lindwurm (Lair:1)
  Pikel (D:8)
  2 phantasmal warriors (Depths:1)
  9 orc sorcerers (Orc:2)
  3 orc knights
  2 necromancers
  24 ugly things
  7 manticores
  3 deep elf pyromancers
  14 cyclopes
  26 elephants
  7 salamanders
  A toenail golem (Volcano)
  An ice statue (IceCv)
  4 black mambas
  4 molten gargoyles (Volcano)
  A gargoyle (D:12)
  2 eyes of devastation (Depths:1)
  A torpor snail (Lair:1)
  A torpor snail (shapeshifter) (D:15)
  15 cane toads
  2 kobold demonologists (D:12)
  3 komodo dragons
  An unseen horror (D:12)
  9 rime drakes
  3 tengu conjurers (D:13)
  5 efreet
  11 trolls
  10 polar bears
  3 meliai (D:15)
  4 blink frogs (Lair:5)
  3 centaur simulacra
  4 wyverns
  91 yaks
  14 slime creatures
  2 water elementals
  A shadow (D:6)
  5 wraiths (D:12)
  A vampire (D:11)
  7 fire elementals
  3 basilisks
  4 hogs (D:15)
  A steam dragon (D:10)
  3 vampire mosquitoes
  3 nagas (Lair:2)
  2 acid dragons
  3 wargs
  16 water moccasins
  3 hell hounds (Orc:2)
  A floating eye (Depths:2)
  19 orc warriors
  2 sky beasts (D:7)
  A black bear (shapeshifter) (D:14)
  4 ice beasts
  A black bear (D:9)
  11 wolves
  7 centaurs
  19 ogres
  2 phantoms (D:9)
  A lemure (D:8)
  The ghost of disskorpion the Shooter, an amateur DEHu (D:3)
  A kobold brigand (D:10)
  An earth elemental (Volcano)
  20 bullfrogs
  3 gnoll sergeants
  4 scorpions
  A water moccasin zombie (D:3)
  8 wights
  A troll zombie (D:9)
  16 killer bees
  3 howler monkeys
  A gnoll bouda (D:8)
  6 hounds
  11 orc priests
  A jelly (D:5)
  Crazy Yiuf (D:2)
  28 orc wizards
  4 iguanas
  2 sleepcaps
  7 ogre zombies (D:9)
  17 gnolls
  5 adders
  A shadow imp (D:6)
  2 white imps
  2 worms (D:4)
  3 dart slugs
  57 orcs
  8 ball pythons
  7 bats
  6 endoplasms
  5 giant cockroaches
  11 goblins
  5 hobgoblins
  4 jackals (D:4)
  6 quokkas
  A goblin skeleton (D:9)
  3 goblin zombies (D:9)
  2 hobgoblin skeletons (D:9)
  3 hobgoblin zombies (D:9)
  A jackal zombie (D:3)
  21 kobolds
  3 orc skeletons (D:9)
  13 orc zombies (D:9)
  2 rats
888 creatures vanquished.

Vanquished Creatures (others)
  An orc wizard (Orc:2)
1 creature vanquished.

Grand Total: 889 creatures vanquished

Notes
Turn   | Place    | Note
-------+----------+-------------------------------------------
     0 | D:1      | Nicoed the Minotaur Fighter began the quest for the Orb.
     0 | D:1      | Reached XP level 1. HP: 19/19 MP: 0/0
    85 | D:1      | Reached XP level 2. HP: 25/27 MP: 1/1
   401 | D:1      | Reached skill level 3 in Axes
   718 | D:1      | Reached XP level 3. HP: 33/33 MP: 2/2
  1142 | D:2      | Reached skill level 4 in Axes
  1179 | D:2      | Reached XP level 4. HP: 40/40 MP: 3/3
  1354 | D:2      | Found a radiant altar of Vehumet.
  1400 | D:2      | Found a runed translucent door.
  1401 | D:2      | Noticed Crazy Yiuf
  1535 | D:2      | Killed Crazy Yiuf
  1536 | D:2      | Reached skill level 5 in Axes
  1611 | D:3      | Found a runed translucent gate.
  1611 | D:3      | Found a runed translucent gate.
  1611 | D:3      | Found a runed translucent gate.
  1611 | D:3      | Noticed disskorpion's ghost (amateur DEHu)
  2053 | D:3      | Found a basalt altar of Yredelemnul.
  2064 | D:3      | Reached skill level 6 in Axes
  2064 | D:3      | Reached XP level 5. HP: 38/46 MP: 4/4
  2212 | D:3      | Killed disskorpion's ghost
  2213 | D:3      | Reached skill level 7 in Axes
  2321 | D:4      | Reached XP level 6. HP: 52/52 MP: 5/5
  2461 | D:4      | Reached skill level 8 in Axes
  2511 | D:4      | Found Ypsum's Book Emporium.
  2719 | D:4      | Reached XP level 7. HP: 54/59 MP: 6/6
  2992 | D:4      | Reached skill level 9 in Axes
  3078 | D:5      | Entered Level 5 of the Dungeon
  3158 | D:5      | Reached skill level 10 in Axes
  3194 | D:5      | Found a staircase to the Ecumenical Temple.
  3242 | Temple   | Entered the Ecumenical Temple
  4039 | D:6      | Noticed a shadow
  4055 | D:6      | Killed a shadow
  4056 | D:6      | Reached skill level 11 in Axes
  4056 | D:6      | Reached XP level 8. HP: 32/66 MP: 7/7
  4323 | D:6      | Reached skill level 12 in Axes
  4541 | D:6      | Noticed a two-headed ogre
  4555 | D:6      | Killed a two-headed ogre
  4556 | D:6      | Reached skill level 13 in Axes
  4556 | D:6      | Reached XP level 9. HP: 47/71 MP: 8/8
  4736 | D:6      | Reached skill level 14 in Axes
  5261 | D:7      | Reached skill level 15 in Axes
  6166 | D:8      | Reached skill level 16 in Axes
  6420 | D:8      | Noticed a troll
  6555 | D:8      | Killed a troll
  6813 | D:8      | Reached XP level 10. HP: 78/78 MP: 9/9
  6823 | D:8      | Reached skill level 17 in Axes
  7092 | D:8      | Noticed Pikel
  7112 | D:8      | Killed Pikel
  7205 | D:8      | Found The Oracle's Delphic Readings.
  7209 | D:8      | Bought a scroll of magic mapping for 112 gold pieces
  7209 | D:8      | Bought a scroll of brand weapon for 142 gold pieces
  7209 | D:8      | Bought a scroll of identify for 30 gold pieces
  7218 | D:8      | Bought a scroll of identify for 30 gold pieces
  7243 | D:8      | Found a blossoming altar of Fedhas.
  7881 | D:9      | Reached skill level 5 in Fighting
  7881 | D:9      | Reached skill level 5 in Armour
  7966 | D:9      | Reached skill level 18 in Axes
  7973 | D:9      | Found a staircase to the Lair.
  8161 | D:9      | Found an opulent altar of Gozag.
  8327 | D:9      | Reached XP level 11. HP: 43/89 MP: 10/10
  8357 | D:9      | Found a staircase to the Orcish Mines.
  9026 | D:9      | Found a runed translucent gate.
  9027 | D:9      | Found a runed translucent gate.
  9028 | D:9      | Found a runed translucent gate.
  9029 | D:9      | Noticed fedoskokos's ghost (novice MiMo)
  9030 | D:9      | Identified the +0 plate armour "Myzed" {Regen+ Int+2}
  9153 | D:9      | Killed fedoskokos's ghost
  9362 | D:10     | Entered Level 10 of the Dungeon
  9397 | D:10     | Found an ancient bone altar of Kikubaaqudgha.
  9408 | D:10     | Found a shimmering altar of Xom.
  9659 | D:10     | Found an iron altar of Okawaru.
  9659 | D:10     | Found a snail-covered altar of Cheibriados.
  9663 | D:10     | Became a worshipper of Warmaster Okawaru
 10011 | D:11     | Reached skill level 19 in Axes
 10094 | D:11     | Reached * piety under Okawaru
 10105 | D:11     | Noticed a boulder beetle
 10267 | D:11     | Found a frozen archway.
 10270 | D:11     | Noticed an ice dragon
 10314 | D:11     | Killed an ice dragon
 10354 | IceCv    | Entered an ice cave
 10405 | IceCv    | Reached ** piety under Okawaru
 10416 | IceCv    | Reached XP level 12. HP: 98/103 MP: 9/11
 10432 | IceCv    | Reached skill level 20 in Axes
 10486 | IceCv    | Noticed a death yak
 10491 | IceCv    | Noticed a death yak
 10498 | IceCv    | Killed a death yak
 10506 | IceCv    | Killed a death yak
 10506 | IceCv    | Reached *** piety under Okawaru
 10614 | IceCv    | Noticed a death yak
 10618 | IceCv    | Noticed a death yak
 10632 | IceCv    | Killed a death yak
 10647 | IceCv    | Killed a death yak
 10709 | IceCv    | Noticed a frost giant
 10709 | IceCv    | Noticed a death yak
 10737 | IceCv    | Killed a frost giant
 10738 | IceCv    | Reached skill level 10 in Fighting
 10738 | IceCv    | Reached skill level 10 in Armour
 10743 | IceCv    | HP: 3/106 [polar bear (17)]
 10825 | IceCv    | Killed a death yak
 10844 | IceCv    | Reached skill level 21 in Axes
 10948 | IceCv    | Got Huvvazim's Lessons on Cryomancy
 11524 | D:11     | Noticed a boulder beetle
 11544 | D:11     | Killed a boulder beetle
 11610 | D:11     | Noticed a six-headed hydra
 11616 | D:11     | Killed an eight-headed hydra
 11658 | D:11     | Killed a boulder beetle
 11658 | D:11     | Reached **** piety under Okawaru
 12192 | D:12     | Noticed a two-headed ogre
 12197 | D:12     | Killed a two-headed ogre
 12306 | D:12     | Reached XP level 13. HP: 115/115 MP: 12/12
 12548 | Orc:1    | Entered Level 1 of the Orcish Mines
 12679 | Orc:1    | Found Foman's General Store.
 12683 | Orc:1    | Noticed an ettin
 12693 | Orc:1    | Killed an ettin
 12766 | Orc:1    | Bought a potion of curing for 39 gold pieces
 12766 | Orc:1    | Bought a potion of curing for 39 gold pieces
 12766 | Orc:1    | Bought a scroll of blinking for 97 gold pieces
 12773 | Orc:1    | Found Taneseo's Antique Armour Boutique.
 12931 | Orc:2    | Entered Level 2 of the Orcish Mines
 12931 | Orc:2    | Noticed an orc warlord
 13090 | Orc:2    | Found a runed translucent door.
 13093 | Orc:2    | Found a shimmering altar of Xom.
 13093 | Orc:2    | Noticed MrAu's ghost (journeyman HuFi)
 13150 | Orc:2    | Found a staircase to the Elven Halls.
 13524 | Orc:2    | Reached skill level 22 in Axes
 13713 | Orc:2    | Found an ancient bone altar of Kikubaaqudgha.
 13714 | Orc:2    | Noticed Nergalle
 13717 | Orc:2    | Noticed Azrael
 13730 | Orc:2    | Noticed Erolcha
 13732 | Orc:2    | Reached skill level 1 in Invocations
 13815 | Orc:2    | Killed an orc warlord
 13977 | Orc:2    | Killed Azrael
 13986 | Orc:2    | Killed Nergalle
 13986 | Orc:2    | Reached ***** piety under Okawaru
 14107 | Orc:2    | Found Kapn's Distillery.
 14134 | Orc:2    | Found a radiant altar of Vehumet.
 14142 | Orc:2    | Killed Erolcha
 14168 | Orc:2    | Found Ficibul's Antique Armour Shop.
 14178 | Orc:2    | Found Wegg's Jewellery Shop.
 14186 | Orc:2    | Found Meujol's Book Boutique.
 14511 | Orc:2    | Killed MrAu's ghost
 14666 | Orc:2    | Bought a pair of runed boots for 217 gold pieces
 14666 | Orc:2    | Bought a faintly humming plate armour for 812 gold pieces
 14666 | Orc:2    | Identified the +6 plate armour of Gluttony {rF+ rC- rN+
                  | Stlth+} (You bought it in a shop on level 2 of the Orcish
                  | Mines)
 14730 | Orc:2    | Bought 2 potions of heal wounds for 140 gold pieces
 15110 | D:12     | Reached XP level 14. HP: 54/127 MP: 15/15
 15136 | D:12     | Received a gift from Okawaru
 15258 | D:12     | Reached skill level 23 in Axes
 15487 | D:13     | Identified the +0 leather armour of the Northern Lights
                  | {-Tele Rampage Will+ MP+9}
 15551 | D:13     | Found Zysow's Assorted Antiques.
 15667 | D:13     | Bought a scroll labelled HYIKKA MOXERGH for 29 gold pieces
 15667 | D:13     | Bought an emerald potion for 26 gold pieces
 15667 | D:13     | Bought a scroll labelled TEDUDD WUSYLOT for 29 gold pieces
 15820 | D:13     | You fall into a shaft and drop 1 floor!
 15831 | D:14     | Found Ygilausy's Magic Scroll Shop.
 15913 | D:13     | Identified the +1 pair of gloves of Gehenna {*Corrode rN+
                  | Dex+3}
 16274 | D:14     | Received a gift from Okawaru
 16399 | D:14     | Reached skill level 5 in Invocations
 16735 | D:14     | Found a gate to the Vaults.
 16735 | D:14     | Noticed an ironbound preserver
 16745 | D:14     | Killed an ironbound preserver
 16814 | D:14     | Received a gift from Okawaru
 17339 | D:13     | Bought a flickering platinum amulet for 145 gold pieces
 17339 | D:13     | Identified the amulet "Asaexoucoi" {Faith Harm rElec rC-
                  | Regen+} (You bought it in a shop on level 13 of the
                  | Dungeon)
 17401 | D:15     | Entered Level 15 of the Dungeon
 17469 | D:15     | Found a stormy altar of Qazlal.
 17489 | D:15     | Found Nuimiuph's Profane Products.
 17659 | D:15     | Reached skill level 24 in Axes
 17667 | D:15     | Reached ****** piety under Okawaru
 17680 | D:15     | Received a gift from Okawaru
 17782 | D:15     | Reached XP level 15. HP: 121/137 MP: 18/18
 17883 | D:15     | Identified the +2 pair of gloves of the Earth {rElec Str+6
                  | Dex-5} (Okawaru gifted it to you on level 15 of the
                  | Dungeon)
 17883 | D:15     | Received a gift from Okawaru
 17922 | D:15     | Found a staircase to the Depths.
 18003 | D:15     | Noticed Kirke
 18011 | D:15     | Killed Kirke
 18563 | Lair:1   | Entered Level 1 of the Lair of Beasts
 18923 | Lair:1   | Found a dark tunnel.
 19199 | Volcano  | Entered a volcano
 20082 | Lair:2   | Found a staircase to the Snake Pit.
 20490 | Lair:2   | Received a gift from Okawaru
 20746 | Lair:3   | Reached skill level 25 in Axes
 20779 | Lair:3   | Identified the +8 battleaxe of Lies {venom, rPois Int+2
                  | SInv} (Okawaru gifted it to you on level 3 of the Lair of
                  | Beasts)
 20779 | Lair:3   | Received a gift from Okawaru
 21035 | Lair:3   | Found a staircase to the Shoals.
 21140 | Lair:3   | Found a snail-covered altar of Cheibriados.
 21353 | Lair:4   | You fall into a shaft and drop 1 floor!
 21353 | Lair:5   | Entered Level 5 of the Lair of Beasts
 21367 | Lair:5   | Found a viscous altar of Jiyva.
 21367 | Lair:5   | Found a staircase to the Slime Pits.
 21571 | Lair:5   | Reached skill level 15 in Armour
 21645 | Lair:5   | Reached XP level 16. HP: 147/147 MP: 21/21
 21664 | Lair:5   | Reached skill level 15 in Fighting
 21734 | Lair:5   | Identified the +6 broad axe of the Shining Light {heavy,
                  | +Blink rC- rN+++ Int-4} (Okawaru gifted it to you on level
                  | 5 of the Lair of Beasts)
 21734 | Lair:5   | Received a gift from Okawaru
 22042 | Lair:5   | Identified the +1 hat of the Republic {rElec rPois Slay+2}
                  | (Okawaru gifted it to you on level 5 of the Lair of Beasts)
 22042 | Lair:5   | Received a gift from Okawaru
 22071 | Lair:5   | Identified the staff of fire "Xibushoq" {rF+ Will+ Stlth+}
 22249 | Lair:4   | Found a white marble altar of Elyvilon.
 23160 | Depths:1 | Entered Level 1 of the Depths
 23232 | Depths:1 | Reached skill level 26 in Axes
 23590 | Depths:1 | Found a runed translucent gate.
 23591 | Depths:1 | Found a runed translucent gate.
 23591 | Depths:1 | Noticed an acid blob
 23592 | Depths:1 | Found a runed translucent gate.
 23592 | Depths:1 | Noticed Qealoh's ghost (adept MeMo)
 23592 | Depths:1 | Noticed an acid blob
 23594 | Depths:1 | Noticed an acid blob
 23599 | Depths:1 | Found a viscous altar of Jiyva.
 23658 | Depths:1 | Found a gateway to Hell.
 23691 | Depths:1 | Found a glowing golden altar of the Shining One.
 23730 | Depths:1 | Identified the quicksilver dragon scales of the Invisible
                  | Things {+Blink Will+ Regen+} (Okawaru gifted it to you on
                  | level 1 of the Depths)
 23730 | Depths:1 | Received a gift from Okawaru
 23924 | Depths:1 | Found a one-way gate to the infinite horrors of the Abyss.
 23940 | Depths:1 | Noticed Louise
 23943 | Depths:1 | Killed Louise
 24264 | Depths:1 | Noticed Bai Suzhen
 24269 | Arena    | Entered the Arena
 24277 | Arena    | Killed Bai Suzhen
 24562 | Depths:1 | Acquired a manual of Dodging
 24564 | Depths:1 | Reached XP level 17. HP: 158/158 MP: 21/23
 24576 | Depths:1 | Killed an acid blob
 24579 | Depths:1 | Killed Qealoh's ghost
 24581 | Depths:1 | Reached XP level 18. HP: 168/168 MP: 15/24
 24590 | Depths:1 | HP: 7/252 [disintegration (37)]
 24623 | Depths:1 | Identified the +2 pair of gloves of Quiescent Intercession
                  | {Will+ Int+3 Stlth+}
 24817 | Depths:2 | Reached skill level 27 in Axes
 24851 | Depths:2 | Identified the +3 hand axe "Newtbane" {flame, Int+3 Dex-4
                  | SInv}
 24878 | Depths:2 | Found an ancient bone altar of Kikubaaqudgha.
 24928 | Depths:2 | Received a gift from Okawaru
 25090 | Depths:2 | Found a one-way gateway to a ziggurat.
 25422 | Depths:2 | Noticed a lich
 25426 | Depths:2 | Killed a lich
 25487 | Depths:2 | You fall into a shaft and drop 2 floors!
 25487 | Depths:4 | Entered Level 4 of the Depths
 25524 | Depths:4 | Noticed a lich
 25527 | Depths:4 | Noticed a tentacled monstrosity
 25543 | Depths:4 | Killed a lich
 25578 | Depths:3 | HP: 1/171 [salamander/+3 halberd (8)]
 25708 | Depths:3 | Identified the +2 hat of Shadows and Fog {Int+4} (Okawaru
                  | gifted it to you on level 3 of the Depths)
 25708 | Depths:3 | Received a gift from Okawaru
 25915 | Depths:2 | Noticed a juggernaut
 25916 | Depths:2 | Noticed a tentacled monstrosity
 25921 | Depths:2 | Noticed a juggernaut
 25925 | Arena    | Entered the Arena
 25961 | Depths:2 | Killed a tentacled monstrosity
 25971 | Depths:2 | Killed a juggernaut
 26190 | Depths:2 | Identified the staff of air "Jivare" {rElec rC+ Str-2
                  | Int+2}
 26212 | Depths:2 | Killed a juggernaut
 26240 | Depths:2 | Killed from afar by a frost giant

Illustrated notes

Levels and vault maps discovered:
D:1:      erik_arrival_cave_to_civilisation [erik_arrival_cave_to_hall],
          layout_loops_ring, minmay_worlds_worst_comb
D:2:      wander_river, layout_loops_ring, basic_altar,
          minmay_misc_feat_nine_boxes, uniq_crazy_yiuf_cottage
D:3:      layout_basic, nicolae_yredelemnul_ghost_church, minivault_11
D:4:      layout_cave_pods, serial_shops, nicolae_shop_advertising_works
          [nicolae_subvault_shop_adworks]
D:5:      layout_loops_cross, minmay_temple_entry_statues_pillars,
          kennysheep_generic_room_16
D:6:      layout_loops_ring, minivault_24
D:7:      layout_basic
D:8:      layout_basic, fedhas_altar_4, nicolae_nh_oracle_at_delphi, uniq_pikel
D:9:      layout_roguey, grunt_gozag_breadcrumbs,
          grunt_lair_entry_orc_guard_hut, zombieorc2_lemuel,
          biasface_ghost_orc_armoury, amethyst_killhole, palyth_stone_intersect
D:10:     layout_roguey, gammafunk_temple_overflow_wave,
          mainiacjoe_overflow_large_starburst
D:11:     minmay_distorted_concentric_squares, layout_basic,
          portal_ice_cave_entry_animals_and_master
D:12:     layout_small_grid, minmay_alternating_orb
D:13:     layout_big_octagon, serial_shops, shop
D:14:     layout_cave_pods, skrybe_vaults_entry_preservation,
          serial_bayou_shore_a, serial_shops, shop,
          hangedman_decor_clover_reticule
D:15:     gammafunk_enter_depths_forms, layout_loops_ring,
          nicolae_qazlal_general_emergency, nicolae_evil_shop, uniq_kirke
Temple:   nicolae_temple_bog_church
Lair:1:   layout_regular_city, nicolae_volcano_entry_vermiform
Lair:2:   layout_cellular_growth, nicolae_snake_entry_squirm, grunt_megastairs_2
Lair:3:   layout_loops_ring, nicolae_shoals_entry_roost, basic_altar
Lair:4:   layout_hall_layers, basic_altar, serial_bayou_shore_b
Lair:5:   evilmike_catoblepas_cave, layout_cave_shapes, slime_entry_1,
          lemuel_fruit_fields
Orc:1:    layout_caves, serial_shops, shop, nicolae_shop_tiny_waterfront
Orc:2:    kennysheep_orc_mage_school, layout_diamond_mine, ebering_ghost_xom,
          special_room, uniq_azrael
Depths:1: layout_gridlike, nicolae_abyss_entry_one_way_or_another,
          gammafunk_ghost_ooze, hell_entry, tso_metal_star, uniq_bai_suzhen
Depths:2: nzn_winding_woodlands_stair_cross [nzn_winding_woodlands_5x15_pool,
          nzn_winding_woodlands_center_triple_pond,
          nzn_winding_woodlands_5x15_sidewinder,
          nzn_winding_woodlands_5x5_default, nzn_winding_woodlands_5x5_cross,
          nzn_winding_woodlands_5x15_zeroes,
          nzn_winding_woodlands_center_pierced_h,
          nzn_winding_woodlands_5x15_garden], layout_basic, enter_ziggurat_b,
          rand_demon_pan_entry_7, kiku_gazebo_pond_becter, hell_entry,
          minmay_staircase_bubble
Depths:3: little_maze_vault, layout_gridlike, ashenzari_conservatory_becter,
          lightli_too_deep, hangedman_abyss_entry_splay, st_stairs_13,
          nicolae_hepliaklqana_hazy_memory, minmay_staircase_statues_hall_small,
          uniq_boris, uniq_vv
Depths:4: grunt_zot_entry_hairpin, layout_cave_pools, hell_entry,
          abyss_entry_flame_altar, lemuel_tele_altar, led_sif_pool, uniq_margery

Skill      XL: |  1  2  3  4  5  6  7  8  9 10 11 12 13 14 15 16 17 18 |
---------------+-------------------------------------------------------+-----
Fighting       | 4 6 8 10 12 13 14 16 18 | 18.9
Shields        | 4 |  4.0
Armour         | 4 6 8 10 12 13 15 16 18 | 18.9
Axes           | 3 4 6 7 8 11 13 16 18 19 21 22 24 25 26 27 | 27.0
Invocations    | 3 6 8 9 |  9.4

Action                     |  1- 3 |  4- 6 |  7- 9 | 10-12 | 13-15 | 16-18 || total
---------------------------+-------+-------+-------+-------+-------+-------++-------
  Melee: War axe           |    69 |   113 |   288 |   592 |       |       ||  1062
         Headbutt          |    12 |    15 |    55 |   155 |   158 |   132 ||   527
         Battleaxe         |       |       |       |    60 |   408 |   517 ||   985
         Executioner's axe |       |       |       |       |   396 |       ||   396
 Invoke: Heroism           |       |       |       |    12 |    21 |    14 ||    47
         Finesse           |       |       |       |       |     1 |     3 ||     4
         Duel              |       |       |       |       |       |     2 ||     2
  Evoke: Wand              |       |       |       |     2 |       |       ||     2
         Phial of floods   |       |       |       |       |       |     1 ||     1
    Use: Potion            |       |       |     1 |     7 |       |    13 ||    21
         Scroll            |       |       |       |    15 |     7 |    17 ||    39
   Stab: Invisible         |       |       |       |    10 |       |       ||    10
         Distracted        |       |       |       |     1 |       |       ||     1
         Petrified         |       |       |       |       |     9 |       ||     9
         Petrifying        |       |       |       |       |     6 |       ||     6
 Armour: Scale mail        |    28 |    29 |       |       |       |       ||    57
         Chain mail        |       |    43 |   155 |    35 |       |       ||   233
         Skin              |       |       |       |    48 |       |       ||    48
         Plate armour      |       |       |       |   226 |   643 |   364 ||  1233
  Dodge: Dodged            |    18 |    37 |   117 |   152 |   310 |   151 ||   785
  Block: Buckler           |    14 |    21 |    45 |   177 |       |       ||   257
         Reflection        |       |       |       |     3 |       |       ||     3
         Other             |       |       |       |     9 |    61 |       ||    70
